[Event "*** Qualifier 1: Titled Tuesday 3|2 Blitz"]
[Site "Chess.com"]
[Date "2017.04.04"]
[Round "1"]
[White "saraswathii"]
[Black "MaestroASK"]
[Result "0-1"]
[WhiteElo "2161"]
[BlackElo "2474"]
[TimeControl "180+2"]
[EndTime "13:06:45 PDT"]
[Termination "MaestroASK won by resignation"]

1. e4 d6 2. d3 g6 3. Nf3 e5 4. g3 Bg7 5. Bg2 Nd7 6. O-O Nh6 7.
Be3 O-O 8. Nh4 f5 9. exf5 Nxf5 10. Nxf5 gxf5 11. Nc3 f4 12. gxf4 exf4 13. Bd2 c6 14.
Qh5 d5 15. Rae1 Qf6 16. f3 Qg6 17. Qxg6 hxg6 18. Re2 g5 19. Rfe1 Nf6 20. Re5 Nh7 21. Re7 Bf6 22. R7e2 Bf5 23. Kh1 Rf7 24. Rg1 Rg7 25.
h4 Nf8 26. hxg5 Rh7+ 27. Bh3 Rxh3+ 28. Kg2 Rg3+ 29. Kh2 Rxg1 30. Kxg1 Bd4+ 31. Kg2 Ng6 32. Be1 Kf7 33. Nd1 Rh8 0-1

[Event "*** Qualifier 1: Titled Tuesday 3|2 Blitz"]
[Site "Chess.com"]
[Date "2017.04.04"]
[Round "1"]
[White "Marcus_Harvey"]
[Black "michaelk123"]
[Result "1-0"]
[WhiteElo "2491"]
[BlackElo "2197"]
[TimeControl "180+2"]
[EndTime "13:06:51 PDT"]
[Termination "Marcus_Harvey won by resignation"]

1. Nf3 Nf6 2. b3 g6 3. Bb2 Bg7 4. e3 O-O 5. Be2 d6 6. d4 c5 7. dxc5 Qa5+ 8. Nbd2 Qxc5 9. O-O b6 10. Bxf6 Bxf6 11.
Ne4 Qf5 12. Nxf6+ Qxf6 13. Qd5 Qc3 14. Qxa8 Nc6 15. Nd4 Nxd4 16. exd4 Bg4 17. Qe4 Bf5 18. Qxe7 h5 19. Bc4 h4 20. h3 Bxh3 21. gxh3 Qxh3 22. Qg5 Kg7 23. Qg2 Qf5 24. Bd3 Qf6 25. Rae1 Rh8 26. Qg4 Rh5 27. f4 Qxd4+ 28. Kh2 h3 29. Qf3 Kh6 30.
Rg1 Rh4 31. Rg4 Rxg4 32. Qxg4 Qf2+ 33. Kxh3 Qxe1 34. Qh4+ Qxh4+ 35. Kxh4 f6 36. Kg4 f5+ 37. Bxf5 1-0

[Event "*** Qualifier 1: Titled Tuesday 3|2 Blitz"]
[Site "Chess.com"]
[Date "2017.04.04"]
[Round "1"]
[White "GMMelik"]
[Black "SmarterChess"]
[Result "1-0"]
[WhiteElo "2474"]
[BlackElo "2155"]
[TimeControl "180+2"]
[EndTime "13:06:51 PDT"]
[Termination "GMMelik won by checkmate"]

1. d4 Nf6 2. Nf3 d5 3. Bf4 e6 4.
e3 Bd6 5. Bg3 O-O 6. Nbd2 c5 7.
c3 Nc6 8. Bd3 Bxg3 9. hxg3 Qd6 10. g4 e5 11. g5 e4 12. dxc5 Qxc5 13. gxf6 exd3 14. Ng5 Bf5 15. Nxh7 Rfe8 16. Qh5 Rxe3+ 17. fxe3 Qxe3+ 18. Kf1 Bg6 19. Qg5 Qe2+ 20. Kg1 Re8 21. Rh3 Re5 22. Qf4 Rf5 23. Qd6 Qxd2 24. Qf8# 1-0

[Event "*** Qualifier 1: Titled Tuesday 3|2 Blitz"]
[Site "Chess.com"]
[Date "2017.04.04"]
[Round "1"]
[White "nonscitis"]
[Black "AnimationDomination"]
[Result "1-0"]
[WhiteElo "2367"]
[BlackElo "1764"]
[TimeControl "180+2"]
[EndTime "13:06:51 PDT"]
[Termination "nonscitis won by checkmate"]

1. e4 c5 2. Nf3 d6 3. d4 cxd4 4.
Nxd4 Nf6 5. Nc3 a6 6. Bg5 e6 7. Qe2 Be7 8. O-O-O Qc7 9. f4 Nbd7 10.
Kb1 b5 11. Bxf6 Nxf6 12. e5 dxe5 13. fxe5 Nd7 14. Re1 Bb4 15. Qh5 O-O 16. Re3 g6 17.
Qg5 Rd8 18. Bd3 Bxc3 19. bxc3 Bb7 20. Nxe6 fxe6 21. Bxg6 Nf8 22. Bxh7+ Kh8 23. Qg8# 1-0

[Event "*** Qualifier 1: Titled Tuesday 3|2 Blitz"]
[Site "Chess.com"]
[Date "2017.04.04"]
[Round "1"]
[White "ka1ser64"]
[Black "wonderfultime"]
[Result "0-1"]
[WhiteElo "2325"]
[BlackElo "2668"]
[TimeControl "180+2"]
[EndTime "13:06:55 PDT"]
[Termination "wonderfultime won by resignation"]

1. d4 d5 2. c4 c6 3. Nf3 Nf6 4. Nc3 dxc4 5. a4 Bf5 6. e3 e6 7.
Bxc4 Bb4 8. O-O Nbd7 9. Qe2 O-O 10. e4 Bg6 11. Bd3 Bh5 12. h3 Bxf3 13. Qxf3 e5 14. Be3 Qe7 15. Rfe1 Rfd8 16. d5 Bc5 17. Bg5 a5 18. Rad1 Bd4 19. Bc2 Qb4 20. Bc1 Rdc8 21. Na2 Qb6 22. Nc3 Nf8 23. Re2 Ng6 24. g3 Nf8 25.
Kg2 N6d7 26. Qd3 Nc5 27. Qc4 Na6 28. f4 cxd5 29. Nxd5 Rxc4 0-1

[Event "*** Qualifier 1: Titled Tuesday 3|2 Blitz"]
[Site "Chess.com"]
[Date "2017.04.04"]
[Round "1"]
[White "sergiochess83"]
[Black "DavidMarkosyan"]
[Result "1/2-1/2"]
[WhiteElo "2666"]
[BlackElo "2345"]
[TimeControl "180+2"]
[EndTime "13:06:57 PDT"]
[Termination "Game drawn by repetition"]

1. e4 d6 2. d4 Nf6 3. Nc3 e5 4. Nf3 Nbd7 5. Bc4 Be7 6. a4 O-O 7. O-O a5 8. Re1 c6 9. b3 exd4 10. Nxd4 d5 11. exd5 Bb4 12. Bd2 Nb6 13. Qf3 Nfxd5 14.
Bxd5 Nxd5 15. Rad1 Nxc3 16. Bxc3 Bxc3 17. Qxc3 Qf6 18.
h3 Bf5 19. Qf3 Bg6 20. Qxf6 gxf6 21. f4 c5 22. f5 cxd4 23. fxg6 hxg6 24. Rxd4 Rfd8 25.
Red1 Rxd4 26. Rxd4 f5 27. Rd7 b6 28. Rd6 Rb8 29.
Kf2 b5 30. Ke3 bxa4 31. bxa4 Rb2 32. Kd3 Ra2 33. Rd4 Kf8 34. g4 Ra3+ 35. c3 fxg4 36.
hxg4 Ke7 37. Kc2 Ra1 38. Kb3 Ke6 39. Re4+ Kd6 40. Rf4 Ke6 41. Re4+ Kd6 42. Rf4 Ke6 43. Re4+ 1/2-1/2

[Event "*** Qualifier 1: Titled Tuesday 3|2 Blitz"]
[Site "Chess.com"]
[Date "2017.04.04"]
[Round "1"]
[White "Schemato"]
[Black "VerdeNotte"]
[Result "0-1"]
[WhiteElo "2250"]
[BlackElo "2572"]
[TimeControl "180+2"]
[EndTime "13:07:03 PDT"]
[Termination "VerdeNotte won by resignation"]

1. c4 g6 2. g3 Bg7 3. Bg2 Nf6 4.
Nc3 O-O 5. e4 c5 6. Nge2 Nc6 7.
O-O d6 8. d3 a6 9. h3 Rb8 10.
a4 b6 11. Be3 Bb7 12. Qd2 e6 13. Rab1 Nb4 14. Rfd1 d5 15. exd5 exd5 16. Bg5 d4 17. Ne4 Nxe4 18. Bxe4 Qd7 19. Bxb7 Rxb7 20. h4 Qxa4 21.
b3 Qc6 22. Re1 Qf3 23. Rbd1 f6 24. Bf4 a5 25. Nc1 Qg4 26. Re2 Nc6 27. Rde1 Rbf7 28. Kg2 Ne5 29. Re4 Nf3 30. Qe2 Nxh4+ 31. Kh2 Nf3+ 32. Kg2 Nxe1+ 33. Qxe1 Qd7 34. Ne2 f5 0-1

[Event "*** Qualifier 1: Titled Tuesday 3|2 Blitz"]
[Site "Chess.com"]
[Date "2017.04.04"]
[Round "1"]
[White "StoreySniper"]
[Black "nihalsarin"]
[Result "0-1"]
[WhiteElo "2225"]
[BlackElo "2532"]
[TimeControl "180+2"]
[EndTime "13:07:09 PDT"]
[Termination "nihalsarin won by resignation"]

1. e4 e5 2. Nf3 Nc6 3. Bc4 Bc5 4.
d3 Nf6 5. O-O d6 6. c3 O-O 7. h3 a6 8. a4 Ba7 9. Bg5 h6 10. Bh4 g5 11. Nxg5 hxg5 12. Bxg5 Kg7 13. Kh1 Kg6 14. f4 exf4 15. Bxf4 Nh5 16. Bh2 Qg5 17. Qf3 Ne5 18. Bxe5 dxe5 19. Bxf7+ Kg7 20.
Bxh5 Rxf3 21. Bxf3 Qg3 22. d4 exd4 23. cxd4 Bxd4 24.
Rd1 Ba7 25. Ra3 Bxh3 26. e5 Bxg2+ 0-1

[Event "*** Qualifier 1: Titled Tuesday 3|2 Blitz"]
[Site "Chess.com"]
[Date "2017.04.04"]
[Round "1"]
[White "Rodalquilar"]
[Black "TooOldTooSlow70"]
[Result "1-0"]
[WhiteElo "2572"]
[BlackElo "2244"]
[TimeControl "180+2"]
[EndTime "13:07:12 PDT"]
[Termination "Rodalquilar won by resignation"]

1. d4 Nf6 2. Bf4 d5 3. e3 c6 4. Nf3 Qb6 5. b3 Bg4 6. h3 Bh5 7. Bd3 Nbd7 8. O-O e6 9. c4 Be7 10. Nbd2 O-O 11. c5 Qd8 12. b4 b5 13. a4 a6 14. Qc2 Bg6 15. Bxg6 hxg6 16. Ra3 Qc8 17.
Rfa1 Qb7 18. Qa2 bxa4 19. Rxa4 Ne4 20. Nxe4 dxe4 21. Nd2 f5 22. Qxe6+ Rf7 23. d5 Nf8 24. Qxc6 Bf6 25. Qxb7 Rxb7 26. Rxa6 Bxa1 27. Rxa8 Bc3 28. c6 Rxb4 29. c7 Rc4 30. Nxc4 1-0

[Event "*** Qualifier 1: Titled Tuesday 3|2 Blitz"]
[Site "Chess.com"]
[Date "2017.04.04"]
[Round "1"]
[White "amaidel"]
[Black "armago"]
[Result "1-0"]
[WhiteElo "2483"]
[BlackElo "2173"]
[TimeControl "180+2"]
[EndTime "13:07:12 PDT"]
[Termination "amaidel won by resignation"]

1. e4 c5 2. Nf3 Nc6 3. Bb5 g6 4.
Bxc6 dxc6 5. O-O Bg7 6. Nc3 Nf6 7. d3 Nd7 8. Be3 e5 9. Qd2 h6 10. a3 Qe7 11. b4 cxb4 12. axb4 Qxb4 13. Rfb1 Qe7 14.
Rxa7 Rxa7 15. Bxa7 O-O 16. Be3 Kh7 17. Ne2 Re8 18.
Ng3 Nf8 19. c3 Ne6 20. d4 exd4 21. cxd4 Rd8 22. e5 Nxd4 23. Bxd4 Bg4 24. Qe3 Bxf3 25. gxf3 Rd5 26. f4 h5 27. Ne4 Qd7 28. Nd6 b5 29. h3 f6 30. Ra1 fxe5 31. fxe5 c5 32. Bxc5 Rxe5 33. Ra7 Qe6 34. Rxg7+ Kxg7 35. Bd4 Kf6 36. f4 1-0

[Event "*** Qualifier 1: Titled Tuesday 3|2 Blitz"]
[Site "Chess.com"]
[Date "2017.04.04"]
[Round "1"]
[White "Sven_Tica"]
[Black "P0ubelle"]
[Result "1-0"]
[WhiteElo "2434"]
[BlackElo "2104"]
[TimeControl "180+2"]
[EndTime "13:07:14 PDT"]
[Termination "Sven_Tica won by resignation"]

1. d4 Nf6 2. c4 g6 3. Nc3 Bg7 4. e4 d6 5. Be2 O-O 6. Be3 Nc6 7. g4 e5 8. d5 Nd4 9. h3 Nxe2 10.
Ngxe2 Nd7 11. Ng3 a5 12. Qd2 Qh4 13. Bg5 Bh6 14. Bxh6 Qe7 15. Bxf8 Qxf8 16. O-O-O b6 17. Nb5 Qd8 18. h4 Ba6 19. h5 Bxb5 20. cxb5 Nc5 21.
Qh6 Qe7 22. Rhg1 Qf6 23. Kb1 Qg7 24. Qxg7+ Kxg7 25. g5 a4 26. h6+ Kf8 27. Rgf1 Ra5 28. f4 Rxb5 29. fxe5 dxe5 30. Rf3 Rb4 31. Rdf1 a3 32.
Rxa3 Nxe4 33. Ra8+ Ke7 34. Nxe4 Rxe4 35. Rh8 1-0

[Event "*** Qualifier 1: Titled Tuesday 3|2 Blitz"]
[Site "Chess.com"]
[Date "2017.04.04"]
[Round "1"]
[White "pastouche06"]
[Black "Dlugy"]
[Result "0-1"]
[WhiteElo "2309"]
[BlackElo "2628"]
[TimeControl "180+2"]
[EndTime "13:07:17 PDT"]
[Termination "Dlugy won by resignation"]

1. d4 d5 2. c4 dxc4 3. e3 e6 4.
Bxc4 a6 5. Nf3 c5 6. O-O Nf6 7. dxc5 Qxd1 8. Rxd1 Bxc5 9. Be2 Nbd7 10. Nbd2 b6 11.
Nb3 Be7 12. Nfd4 Bb7 13. f3 Rc8 14. e4 g6 15. Bf1 O-O 16. Be3 Ne5 17. Rac1 Rfd8 18.
Rxc8 Rxc8 19. Rc1 Rxc1 20. Bxc1 Ne8 21. Be3 Nd7 22. Kf2 Nd6 23. Ke1 e5 24. Nc2 f5 25.
exf5 gxf5 26. Kd2 f4 27. Bf2 e4 28. fxe4 Nxe4+ 29. Ke1 Nxf2 30. Kxf2 Ne5 31. Be2 Kf7 32.
Ncd4 b5 33. h3 Bd5 34. Nf3 Nc4 35. Bxc4 bxc4 36. Nbd2 Bf6 37. b3 c3 0-1

[Event "*** Qualifier 1: Titled Tuesday 3|2 Blitz"]
[Site "Chess.com"]
[Date "2017.04.04"]
[Round "1"]
[White "Astaneh"]
[Black "ruvat"]
[Result "0-1"]
[WhiteElo "2516"]
[BlackElo "2244"]
[TimeControl "180+2"]
[EndTime "13:07:22 PDT"]
[Termination "ruvat won by resignation"]

1. d4 d6 2. e4 Nf6 3. f3 e5 4. dxe5 dxe5 5. Qxd8+ Kxd8 6. Bc4 Ke8 7. Ne2 Bc5 8. Bg5 Nbd7 9. Nd2 h6 10. Bh4 Ke7 11. a3 Nb6 12. Ba2 Be6 13. b4 Be3 14.
Bxe6 Kxe6 15. Nf1 Nc4 16. a4 a5 17. b5 Bc5 18. Bf2 Nd7 19. Nc3 Bb4 20. Ke2 Bxc3 21.
Rb1 Ndb6 22. Bxb6 Nxb6 23. Ne3 g6 24. Rhd1 Rad8 25. Rd3 Nxa4 26. Nd1 Rxd3 27. cxd3 Bd4 28. Rb3 Nc5 29. Ra3 a4 30. Nc3 Bxc3 31. Rxc3 b6 32. Ra3 Ra8 33. Ke3 Ra5 34. g3 Rxb5 35. f4 Rb3 36.
Ra1 Rxd3+ 37. Ke2 Rb3 0-1

[Event "*** Qualifier 1: Titled Tuesday 3|2 Blitz"]
[Site "Chess.com"]
[Date "2017.04.04"]
[Round "1"]
[White "Bigfish1995"]
[Black "BogdanDeac"]
[Result "1-0"]
[WhiteElo "2639"]
[BlackElo "2342"]
[TimeControl "180+2"]
[EndTime "13:07:23 PDT"]
[Termination "Bigfish1995 won by resignation"]

1. e4 c6 2. d4 d5 3. exd5 cxd5 4.
Bd3 Nc6 5. c3 Qc7 6. Na3 a6 7.
Nc2 Nf6 8. h3 g6 9. Nf3 Bg7 10.
O-O O-O 11. Re1 Bf5 12. Bxf5 gxf5 13. Re2 e6 14. Nce1 Ne7 15. Nd3 Ng6 16. g3 Ne4 17.
Kg2 f6 18. h4 h5 19. Bf4 Qf7 20. Qb3 Rae8 21. Rd1 e5 22. Bc1 f4 23. Nb4 fxg3 24. fxg3 exd4 25. Nxd4 f5 26. Qxd5 Be5 27.
Nxf5 Qxd5 28. Nxd5 Bxg3 29. Nxg3 1-0

[Event "*** Qualifier 1: Titled Tuesday 3|2 Blitz"]
[Site "Chess.com"]
[Date "2017.04.04"]
[Round "1"]
[White "Alexander_Moskalenko"]
[Black "pedromartinez91"]
[Result "1-0"]
[WhiteElo "2636"]
[BlackElo "2312"]
[TimeControl "180+2"]
[EndTime "13:07:24 PDT"]
[Termination "Alexander_Moskalenko won by resignation"]

1. d4 d5 2. c4 Nc6 3. Nc3 Nf6 4.
Nf3 Bg4 5. e3 e6 6. h3 Bxf3 7.
Qxf3 Bb4 8. cxd5 Nxd5 9. Bd2 O-O 10. Bd3 Be7 11. O-O Nxc3 12. bxc3 Rb8 13. a4 e5 14. Be4 exd4 15. cxd4 Nb4 16. Rfc1 c6 17. a5 a6 18. Rc4 Nd5 19. Rb1 Nf6 20. Bc2 Bd6 21.
e4 Bc7 22. Be3 Bxa5 23. Bg5 h6 24. Bh4 g5 25. Bg3 Rc8 26. Rxb7 Nd7 27. Bd6 Re8 28. e5 Bc7 29. Bf5 Bxd6 30. Rxd7 Qa5 31. Bh7+ Kh8 32. Qf6+ Kxh7 33. Qxf7+ 1-0

[Event "*** Qualifier 1: Titled Tuesday 3|2 Blitz"]
[Site "Chess.com"]
[Date "2017.04.04"]
[Round "1"]
[White "iaraldinho"]
[Black "Grootneus"]
[Result "1-0"]
[WhiteElo "2431"]
[BlackElo "2097"]
[TimeControl "180+2"]
[EndTime "13:07:28 PDT"]
[Termination "iaraldinho won by resignation"]

1. e4 c5 2. Nf3 Nc6 3. d4 cxd4 4. Nxd4 Nf6 5. Nc3 e5 6. Ndb5 d6 7. Bg5 a6 8. Bxf6 gxf6 9. Na3 b5 10. Nd5 f5 11. Nxb5 axb5 12. Bxb5 Bb7 13. exf5 Bg7 14.
O-O O-O 15. c3 Ne7 16. Nxe7+ Qxe7 17. a4 e4 18. a5 Qe5 19. Qe2 Qxf5 20. a6 Bd5 21.
Rfd1 Kh8 22. Qe3 Rg8 23. Bf1 Bf6 24. Ra5 Be5 25. Raxd5 Qg4 26. g3 f5 27. Ra1 Rg6 28.
a7 Qh5 29. Rxe5 dxe5 30. Qc5 f4 31. Qd5 Rgg8 32. Qxe4 Qg6 33. Qxg6 hxg6 34. Bg2 Kg7 35. Bxa8 Rxa8 36. b4 Kf6 37. b5 f3 38. b6 1-0

[Event "*** Qualifier 1: Titled Tuesday 3|2 Blitz"]
[Site "Chess.com"]
[Date "2017.04.04"]
[Round "1"]
[White "korason34"]
[Black "FairChess_on_YouTube"]
[Result "0-1"]
[WhiteElo "2353"]
[BlackElo "2739"]
[TimeControl "180+2"]
[EndTime "13:07:35 PDT"]
[Termination "FairChess_on_YouTube won by resignation"]

1. d4 d5 2. c4 c6 3. Nf3 Nf6 4.
Nc3 a6 5. c5 g6 6. e3 Bg7 7.
Bd3 Bg4 8. O-O O-O 9. b4 Nbd7 10. Bb2 e5 11. Be2 e4 12. Nd2 h5 13. a4 Bxe2 14. Qxe2 Ng4 15. b5 Qc7 16. g3 f5 17. bxc6 bxc6 18.
a5 h4 19. Na4 Bh6 20. Nb6 hxg3 21. hxg3 Bxe3 22. Kg2 Bxd2 23. Nxa8 Rxa8 24. Qxd2 e3 25. fxe3 Ndf6 26. Rf3 Ne4 27. Qe2 Rb8 28. Ra2 Qh7 29.
Kg1 Kf7 30. Qg2 Ke6 31. Ra3 Qb7 32. Ra2 Rh8 33. Bc1 Qb1 34. Qd2 Nxd2 35. Rxd2 Qxc1+ 0-1

[Event "*** Qualifier 1: Titled Tuesday 3|2 Blitz"]
[Site "Chess.com"]
[Date "2017.04.04"]
[Round "1"]
[White "peteseeger"]
[Black "GianmarcoVaR"]
[Result "1-0"]
[WhiteElo "2122"]
[BlackElo "2418"]
[TimeControl "180+2"]
[EndTime "13:07:35 PDT"]
[Termination "peteseeger won by checkmate"]

1. e4 c5 2. Nf3 d6 3. Bb5+ Nd7 4.
O-O Nf6 5. Re1 a6 6. Bd3 b6 7. c3 Bb7 8. Bc2 Qc7 9. d4 cxd4 10.
cxd4 e6 11. Nc3 Rc8 12. Bg5 h6 13. Bf4 Be7 14. Rc1 Qb8 15. Qd2 b5 16. a3 Nb6 17.
b3 d5 18. e5 Nfd7 19. Bd3 Bxa3 20. Rc2 Bb4 21. Qc1 Rc6 22. Ree2 Bxc3 23. Rxc3 Rxc3 24.
Qxc3 O-O 25. Qd2 Nc4 26. bxc4 dxc4 27. Bb1 Bxf3 28. gxf3 Rd8 29. Bxh6 gxh6 30. Qxh6 f5 31.
exf6 Nxf6 32. Qg6+ Kf8 33. Qxf6+ Kg8 34. Qxe6+ Kh8 35.
Qf6+ Kg8 36. Re7 Qe5 37. Qf7+ Kh8 38. Qh7# 1-0

[Event "*** Qualifier 1: Titled Tuesday 3|2 Blitz"]
[Site "Chess.com"]
[Date "2017.04.04"]
[Round "1"]
[White "Generalas"]
[Black "Ginger_GM"]
[Result "0-1"]
[WhiteElo "2176"]
[BlackElo "2477"]
[TimeControl "180+2"]
[EndTime "13:07:36 PDT"]
[Termination "Ginger_GM won on time"]

1. e4 g6 2. d4 Bg7 3. Nf3 d6 4. Be2 Nf6 5. Nc3 O-O 6. O-O a6 7. a4 Nc6 8. h3 e5 9. d5 Ne7 10. Be3 h6 11. Qd2 Kh7 12. Rad1 Nfg8 13. Nh2 f5 14. f4 g5 15. exf5 gxf4 16. Bxf4 exf4 17. Qxf4 Nxf5 18. Bd3 Kh8 19. g4 Bd4+ 20. Kh1 Be5 21. Qc4 Ng3+ 22. Kg2 Nxf1 23. Rxf1 Rxf1 24. Nxf1 Bd7 25. Ne4 Nf6 26. Neg3 Nxd5 27. Qe4 Nf4+ 28. Kg1 Nxd3 0-1

[Event "*** Qualifier 1: Titled Tuesday 3|2 Blitz"]
[Site "Chess.com"]
[Date "2017.04.04"]
[Round "1"]
[White "bancsoo"]
[Black "Usurpov"]
[Result "1-0"]
[WhiteElo "2618"]
[BlackElo "2298"]
[TimeControl "180+2"]
[EndTime "13:07:43 PDT"]
[Termination "bancsoo won by resignation"]

1. Nf3 Nf6 2. c4 g6 3. Nc3 d5 4.
cxd5 Nxd5 5. g3 Bg7 6. Bg2 Nxc3 7. bxc3 O-O 8. O-O c5 9. Rb1 Nc6 10. Qa4 Qd7 11. Ba3 b6 12. Ng5 Bb7 13. Bxc5 Qxd2 14. Be3 Qd7 15. Rfd1 Qc7 16. Qh4 h6 17. Nf3 g5 18. Bxg5 hxg5 19. Nxg5 Rfd8 20. Qh7+ Kf8 21. Bd5 Rxd5 22. Rxd5 Ne5 23. Rd4 Qc6 24. Re4 Ng6 25. Qh5 Qf6 26. Nh7+ 1-0

[Event "*** Qualifier 1: Titled Tuesday 3|2 Blitz"]
[Site "Chess.com"]
[Date "2017.04.04"]
[Round "1"]
[White "nouma78"]
[Black "VladDobrov"]
[Result "0-1"]
[WhiteElo "2211"]
[BlackElo "2522"]
[TimeControl "180+2"]
[EndTime "13:07:43 PDT"]
[Termination "VladDobrov won by resignation"]

1. d4 Nf6 2. c4 e6 3. Nc3 Bb4 4.
Qc2 O-O 5. a3 Bxc3+ 6. Qxc3 b5 7.
cxb5 c6 8. Bg5 cxb5 9. e3 Bb7 10. Nf3 h6 11. Bxf6 Qxf6 12. Qc7 Bxf3 13. gxf3 Qxf3 14. Rg1 Nc6 15. Qxd7 Rad8 16. Qc7 Rc8 17. Qg3 Qxg3 18. hxg3 a6 19. Bd3 e5 20. d5 Na5 21.
Rd1 f5 22. e4 f4 23. gxf4 Rxf4 24. Ke2 Nb3 25. Bb1 g5 26. f3 Nd4+ 27. Rxd4 exd4 28.
e5 Kg7 29. Be4 Re8 30. e6 Kf6 31. Kd3 Ke5 32. Rc1 g4 33. Re1 g3 0-1

[Event "*** Qualifier 1: Titled Tuesday 3|2 Blitz"]
[Site "Chess.com"]
[Date "2017.04.04"]
[Round "1"]
[White "Cryptochess"]
[Black "FearlessKing64"]
[Result "1-0"]
[WhiteElo "2442"]
[BlackElo "2122"]
[TimeControl "180+2"]
[EndTime "13:07:43 PDT"]
[Termination "Cryptochess won by resignation"]

1. e4 c5 2. Nc3 d6 3. g3 g6 4. Bg2 Bg7 5. d3 e6 6. Be3 Nc6 7. Qd2 Rb8 8. a4 Nd4 9. Nge2 Nxe2 10.
Qxe2 Ne7 11. O-O O-O 12. Qd2 b6 13. d4 Bb7 14. Rad1 Rc8 15. f4 f5 16. dxc5 dxc5 17. e5 Bxg2 18. Qxg2 Qc7 19. Nb5 Qb8 20. Rd7 Nd5 21. Bf2 a6 22. Nd6 Rc7 23. Rxc7 Qxc7 24. Rd1 Rd8 25. c4 Nb4 26. g4 Nc6 27. gxf5 exf5 28. Qd5+ Kf8 29. Bh4 Rd7 30. e6 Rxd6 31. Qxd6+ Qxd6 32. Rxd6 Bd4+ 33. Kg2 Bxb2 34. Rxc6 1-0

[Event "*** Qualifier 1: Titled Tuesday 3|2 Blitz"]
[Site "Chess.com"]
[Date "2017.04.04"]
[Round "1"]
[White "RobertoJBM"]
[Black "AndrewMcStone"]
[Result "1-0"]
[WhiteElo "2395"]
[BlackElo "2005"]
[TimeControl "180+2"]
[EndTime "13:07:43 PDT"]
[Termination "RobertoJBM won by resignation"]

1. d4 e6 2. Nf3 f5 3. c4 Nf6 4. g3 d6 5. Bg2 Be7 6. Nc3 O-O 7. O-O Ne4 8. Nxe4 fxe4 9. Nd2 d5 10.
cxd5 exd5 11. f3 exf3 12. Nxf3 c5 13. Be3 cxd4 14. Nxd4 Rxf1+ 15. Kxf1 Nc6 16. Qd2 Bf6 17. Rd1 Bg4 18. Nb3 d4 19. Nxd4 Nxd4 20. Bxd4 Bxd4 21. Qxd4 Qxd4 22. Rxd4 Rf8+ 23. Rf4 Rxf4+ 24. gxf4 b6 25.
Bd5+ Kf8 26. e4 Ke7 27. Kf2 Kd6 28. Ke3 Bd7 29. h4 h6 30. Kd4 Be8 31. e5+ Ke7 32. f5 Bh5 33. Ke4 Bg4 34. Be6 Bd1 35. Kd5 Bc2 36. Bc8 Bb1 37. a3 Bc2 38. Kc6 g6 39.
f6+ Kf7 40. Kb7 g5 41. hxg5 hxg5 42. Kxa7 Be4 43. Kxb6 Bd5 44. Kc5 Be6 45. Bxe6+ Kxe6 46. Kd4 1-0

[Event "*** Qualifier 1: Titled Tuesday 3|2 Blitz"]
[Site "Chess.com"]
[Date "2017.04.04"]
[Round "1"]
[White "Gabix_94"]
[Black "Goala"]
[Result "1-0"]
[WhiteElo "2502"]
[BlackElo "2199"]
[TimeControl "180+2"]
[EndTime "13:07:54 PDT"]
[Termination "Gabix_94 won by resignation"]

1. e4 e6 2. d4 d5 3. Nc3 Nf6 4.
Bg5 Be7 5. e5 Nfd7 6. Bxe7 Qxe7 7. f4 a6 8. Nf3 Nb6 9. Bd3 Bd7 10.
Qe2 c5 11. dxc5 Qxc5 12. O-O-O Nc6 13. Kb1 O-O-O 14. Ng5 Qe7 15. Qf2 Na8 16. Rhe1 h6 17.
Nf3 Kb8 18. f5 Rc8 19. g4 Qb4 20. a3 Qxg4 21. Rg1 Qf4 22. Ne2 Qa4 23. Rxg7 Rhf8 24. fxe6 Bxe6 25. Nfd4 Nc7 26. b3 Qa5 27. Kb2 Nxe5 28.
Qg3 Nxd3+ 29. Rxd3 Ka8 30. a4 Qc5 31. Rc3 Qe7 32.
Nf4 Qf6 33. Rd3 Bf5 34. Nh5 Qe7 35. Nxf5 Qb4 36. Qf4 Qb6 37. Qd4 Qe6 38. Nhg3 Qe1 39. Re3 Qg1 40. Re7 Ne6 41. Qxg1 1-0

[Event "*** Qualifier 1: Titled Tuesday 3|2 Blitz"]
[Site "Chess.com"]
[Date "2017.04.04"]
[Round "1"]
[White "Keranke"]
[Black "TheNextLevelFan"]
[Result "1-0"]
[WhiteElo "2711"]
[BlackElo "2346"]
[TimeControl "180+2"]
[EndTime "13:07:57 PDT"]
[Termination "Keranke won by resignation"]

1. d4 Nf6 2. c4 e6 3. g3 d5 4. Bg2 Be7 5. Nf3 O-O 6. O-O dxc4 7.
Qc2 a6 8. Qxc4 b5 9. Qc2 Bb7 10.
Bd2 Be4 11. Qc1 Nbd7 12. Ba5 Ra7 13. Nbd2 Bd5 14. Qc2 Qa8 15. b4 Nb6 16. Rfc1 h6 17.
e3 Ne4 18. Bf1 Na4 19. Ne5 Bd6 20. Nxe4 Bxe4 21. Bd3 Bxd3 22. Nxd3 Qe4 23. Ne5 Qxc2 24. Rxc2 Bxe5 25. dxe5 Rc8 26. Rac1 Kf8 27. Bxc7 Ke8 28. Bd6 Rxc2 29. Rxc2 Kd7 30. Kg2 Rb7 31. Bf8 g6 32. Bxh6 Nb6 33. Bf8 Nc4 34. Bd6 Kc6 35. h4 Kd5 36. g4 Ke4 37. Kg3 Rd7 38. Rc1 Nxd6 39. exd6 Rxd6 40. Rc7 f5 41. Rg7 e5 42. h5 gxh5 43. gxh5 f4+ 44. exf4 exf4+ 45. Kg4 Re6 46. Rg6 Re8 47. h6 f3 48. h7 Rh8 49. Rh6 1-0

[Event "*** Qualifier 1: Titled Tuesday 3|2 Blitz"]
[Site "Chess.com"]
[Date "2017.04.04"]
[Round "1"]
[White "ZEN-22"]
[Black "pKiLz5Rn9b"]
[Result "1-0"]
[WhiteElo "2327"]
[BlackElo "2614"]
[TimeControl "180+2"]
[EndTime "13:08:05 PDT"]
[Termination "ZEN-22 won by resignation"]

1. e4 e6 2. Bc4 d5 3. Bb3 dxe4 4. Nc3 Nf6 5. f3 exf3 6. Nxf3 Nc6 7. d4 h6 8. O-O Bd6 9. Kh1 Nb4 10. a3 Nbd5 11.
Ne2 c5 12. c4 Nb6 13. dxc5 Bxc5 14. Qe1 Qc7 15. Ba2 a5 16. Bf4 Bd6 17. c5 Bxf4 18.
cxb6 Qb8 19. Nxf4 Qxf4 20. Ne5 Qd4 21. Qg3 Nh5 22. Qf3 Nf6 23. Qg3 Kf8 24. Rad1 Qxb6 25.
Ng6+ fxg6 26. Qxg6 Rg8 27. Bc4 Qxb2 28. h3 Qb6 29.
Rxf6+ gxf6 30. Qxf6+ Ke8 31. Bb5+ 1-0

[Event "*** Qualifier 1: Titled Tuesday 3|2 Blitz"]
[Site "Chess.com"]
[Date "2017.04.04"]
[Round "1"]
[White "macko06"]
[Black "severomorskij"]
[Result "0-1"]
[WhiteElo "2322"]
[BlackElo "2639"]
[TimeControl "180+2"]
[EndTime "13:08:07 PDT"]
[Termination "severomorskij won by resignation"]

1. d4 Nf6 2. Bf4 c5 3. e3 Nd5 4. dxc5 Nxf4 5. exf4 e6 6. Nf3 Bxc5 7. Bd3 Qb6 8. O-O Qxb2 9. Nbd2 d5 10. Nb3 Qc3 11. f5 Nc6 12. Re1 Bb6 13. fxe6 Bxe6 14. Ng5 Qf6 15.
Nxe6 fxe6 16. Qe2 e5 17. c4 O-O 18. cxd5 Bxf2+ 19. Kh1 Bxe1 20. dxc6 Bc3 21. Rc1 Bd4 22. cxb7 Rab8 23. Be4 Bb6 24. Nd2 Qf4 25. Rf1 Qg5 26.
Nf3 Qe7 27. Bd5+ Kh8 28. Re1 Bc7 29. Kg1 Qc5+ 30. Qe3 Qxd5 31. Ng5 Bb6 0-1

[Event "*** Qualifier 1: Titled Tuesday 3|2 Blitz"]
[Site "Chess.com"]
[Date "2017.04.04"]
[Round "1"]
[White "AmazingAtlas"]
[Black "OldweakGM"]
[Result "0-1"]
[WhiteElo "2293"]
[BlackElo "2614"]
[TimeControl "180+2"]
[EndTime "13:08:12 PDT"]
[Termination "OldweakGM won by resignation"]

1. e4 c6 2. Nc3 d5 3. Nf3 dxe4 4.
Nxe4 Nf6 5. Nxf6+ exf6 6. g3 Bd6 7. Qe2+ Be7 8. Bg2 O-O 9. O-O Be6 10. d4 Re8 11. Qd3 Qd7 12. Re1 Na6 13. a3 Bf5 14. Qb3 Be6 15. Qd3 Rad8 16. Bd2 Bf8 17. Rad1 Nc7 18. c4 b5 19. cxb5 Nxb5 20. Be3 Bd5 21. Nd2 Bxg2 22. Kxg2 c5 23. Nf3 cxd4 24. a4 Qc8 25.
Qxb5 dxe3 26. Rxd8 Qxd8 27. Rxe3 Rxe3 28. fxe3 Qd1 29. Nd4 g6 30. b3 Qd2+ 31. Qe2 Qc3 32. Kf3 a5 33. Qc4 Qe1 34. Nc2 Qh1+ 35. Ke2 Qxh2+ 36. Kd3 Qxg3 37. Qc3 Qd6+ 38. Ke2 Qd5 0-1